 Dungeon Crawl Stone Soup version 0.27-a0-1228-gfd60fd639a (webtiles) character file.

Game seed: 17470174820697222893

249 HoaS the Ruffian (level 6, -14/48 HPs)
             Began as a Ghoul Gladiator on June 8, 2021.
             Demolished by an ogre
             ... wielding a +0 giant club
              (23 damage)
             ... on level 4 of the Dungeon.
             The game lasted 00:06:08 (3019 turns).

HoaS the Ruffian (Ghoul Gladiator)                  Turns: 3019, Time: 00:06:08

Health: -14/48     AC: 13    Str: 19    XL:     6   Next: 12%
Magic:  5/5        EV:  6    Int:  3    God:
Gold:   119        SH:  0    Dex: 11    Spells: 5/5 levels left

rFire    . . .     SeeInvis .     - Unarmed
rCold    + . .     Faith    .   (no shield)
rNeg     + + +     Spirit   .   f - +0 plate armour
rPois    ∞         Reflect  .   k - +2 hat
rElec    .         Harm     .   (no cloak)
rCorr    +         Rampage  .   (no gloves)
Will     +....                  e - +0 pair of boots
Stlth    ..........             (no amulet)
HPRegen  0.00/turn              g - ring of resist corrosion
MPRegen  0.09/turn              i - ring of willpower

@: no status effects
A: claws 1, cold resistance 1, negative energy resistance 3, inhibited
regeneration, torment resistance 2
a: no special abilities


You were on level 4 of the Dungeon.
You visited 1 branch of the dungeon, and saw 4 of its levels.

You collected 119 gold pieces.

Inventory:

Missiles
 c - 3 throwing nets (quivered)
Armour
 b - a +0 helmet
 e - a +0 pair of boots (worn)
 f - a +0 plate armour (worn)
 k - a +2 hat (worn)
Jewellery
 g - a ring of resist corrosion (left claw)
 i - a ring of willpower (right claw)
Wands
 l - a wand of charming (8)
Scrolls
 d - a scroll of identify
Potions
 a - a potion of curing
 h - a potion of haste
 j - 2 potions of might


   Skills:
 - Level 2.1 Fighting
 - Level 1.7 Throwing
 - Level 2.6 Dodging
 + Level 7.3 Unarmed Combat


You had 5 spell levels left.
You didn't know any spells.
Your spell library contained the following spells:

 Spells                   Type           Power      Damage    Failure   Level
 Sting                    Tmut/Pois      0%         1d3       100%        1
 Poisonous Vapours        Pois/Air       0%         N/A       100%        2
 Ignite Poison            Fire/Tmut/Pois 0%         N/A       100%        3
 Mephitic Cloud           Conj/Pois/Air  0%         N/A       100%        3
 Olgreb's Toxic Radiance  Pois           0%         N/A       100%        4


Dungeon Overview and Level Annotations

Branches:
Dungeon (4/15)
 Temple: D:4-7

Altars:
Elyvilon
Fedhas
Sif Muna

Annotations:
D:4 exclusion: oklob plant


Innate Abilities, Weirdness & Mutations

You thrive by killing the living.
You are immune to poison.
You have sharp fingernails.
Your flesh is cold resistant. (rC+)
You are immune to negative energy. (rN+++)
You do not regenerate when monsters are visible.
You are immune to unholy pain and torment.


Message History

m - a scroll labelled VEIGOU NOIHUSTY
As you read the scroll labelled VEIGOU NOIHUSTY, it crumbles to dust.
You feel strangely unstable.
It was a scroll of teleportation.
Your surroundings suddenly seem different.
An oklob plant comes into view.
Marking area around an oklob plant as unsafe for travelling.
Found a white marble altar of Elyvilon.
A dart slug comes into view.
Found 57 gold pieces.
You see here a potion of curing.
A hobgoblin and an ogre come into view.
The hobgoblin shouts!
The ogre hits you with a +0 giant club.
Found 26 gold pieces and 27 arrows.
You scratch the ogre but do no damage. You scratch the ogre.
The ogre is lightly wounded.
The ogre closely misses you. The dart slug launches a dart at you.
The slug dart hits you but does no damage.
You see here a potion of curing.
Aiming: Charm
Press: ? - help, Shift-Dir - straight line, f - ogre
Aim: an ogre, wielding a +0 giant club (lightly wounded, chance to affect: 46%)
The ogre resists with some effort.
The ogre hits you with a +0 giant club!
Your plate armour prevents you from hitting the ogre.
The ogre is lightly wounded.
A hound comes into view.
The hound barks!
You claw the ogre!
The ogre is moderately wounded.
You hear a shout!
The ogre hits you with a +0 giant club!!
* * * LOW HITPOINT WARNING * * *
You claw the ogre!
The ogre is severely wounded.
You scratch the ogre.
The ogre is severely wounded.
The ogre hits you with a +0 giant club!!
You die... #.###...# #### ##.....!####... #PP# #.$............ .P## #.####..##.#### PPP# #gw##.# P#P# #..##h# .#.# #<.##.# P#P# #.w##.####### PPP#

#.gO@........ .P.#
#.###.###### .###
#.......#
.################.#.#
..................#.#
.###÷....##########.#
.P.#.....# #>#
.PP#.....# #.#
#P###...## #.#


You could see an ogre, a hound, a dart slug and a hobgoblin.

Vanquished Creatures
  An orc priest (D:3)
  A hound (D:4)
  A centaur skeleton (D:3)
  2 iguanas
  3 adders
  2 worms
  6 orcs (D:3)
  9 bats
  6 endoplasms
  4 giant cockroaches
  8 goblins
  6 hobgoblins
  4 jackals (D:3)
  3 kobolds
  2 quokkas
  6 ball pythons
  2 frilled lizards (D:1)
  7 rats
73 creatures vanquished.

Notes
Turn   | Place    | Note
-------+----------+-------------------------------------------
     0 | D:1      | HoaS the Ghoul Gladiator began the quest for the Orb.
     0 | D:1      | Reached XP level 1. HP: 17/17 MP: 0/0
   228 | D:1      | Reached XP level 2. HP: 23/24 MP: 1/1
   262 | D:1      | Reached skill level 4 in Unarmed Combat
   634 | D:1      | Reached XP level 3. HP: 29/29 MP: 2/2
  1003 | D:2      | You fall into a shaft and drop 2 floors!
  1003 | D:4      | Found a blossoming altar of Fedhas.
  1044 | D:4      | Reached skill level 5 in Unarmed Combat
  1060 | D:4      | Reached XP level 4. HP: 31/36 MP: 3/3
  1414 | D:2      | Found a shimmering blue altar of Sif Muna.
  1652 | D:2      | Reached skill level 6 in Unarmed Combat
  2124 | D:3      | Reached XP level 5. HP: 41/41 MP: 4/4
  2430 | D:3      | Reached skill level 7 in Unarmed Combat
  2748 | D:3      | Found a faded altar of an unknown god.
  2796 | D:3      | Reached XP level 6. HP: 48/48 MP: 5/5
  2931 | D:4      | Noticed an oklob plant
  3019 | D:4      | Demolished by an ogre

Illustrated notes

Levels and vault maps discovered:
D:1:      dpeg_arrival_shrine, layout_loops_ring
D:2:      layout_basic, basic_altar, minmay_parallelograms,
          chequers_serial_rivers_small_b
D:3:      layout_basic, hellmonk_ecumenical_altar_leap_of_faith
D:4:      layout_loops_ring, tgw_fedhas, lemuel_tele_altar,
          amcnicky_altar_gilded

Skill      XL: |  1  2  3  4  5 |
---------------+----------------+-----
Unarmed Combat | 4 5 6 7 |  7.3
Fighting       | |  2.1
Throwing       | |  1.7
Dodging        | |  2.6

Action                   |  1- 3 |  4- 6 || total
-------------------------+-------+-------++-------
Melee: Unarmed           |   114 |   119 ||   233
       Punch             |     2 |     2 ||     4
Evoke: Wand              |       |     1 ||     1
  Use: Scroll            |     1 |     4 ||     5
Armor: Leather armour    |    21 |       ||    21
       Plate armour      |    37 |    67 ||   104
Dodge: Dodged            |    47 |    32 ||    79

Table legend: (Time is in decaauts)
 A = Elapsed time spent in this place.
 B = Non-inter-level travel time spent in this place.
 C = Inter-level travel time spent in this place.
 D = Time resting spent in this place.
 E = Time spent auto-exploring this place.
 F = Levels seen in this place.
 G = Mean time per level.
                   A        B        C        D        E       F      G
               +--------+--------+--------+--------+--------+-----+--------+
         Total |   2997 |   2893 |    104 |    313 |   2050 |   4 |  749.2 |
       Dungeon |   2997 |   2893 |    104 |    313 |   2050 |   4 |  749.2 |
               +--------+--------+--------+--------+--------+-----+--------+

Top non-repeatable levels by time:
     D:1: 947 daAuts
     D:3: 939 daAuts
     D:2: 796 daAuts
     D:4: 313 daAuts
